 Dungeon Crawl Stone Soup version 0.21.1-1-g345015f (webtiles) character file.

118 RudyRod the Firebug (level 5, 0/42 HPs)
             Began as a Naga Fire Elementalist on May 19, 2018.
             Slain by an orc
             ... wielding a +0 trident
              (4 damage)
             ... on level 3 of the Dungeon on May 20, 2018.
             The game lasted 00:07:46 (1633 turns).

RudyRod the Firebug (Naga Fire Elementalist)        Turns: 1633, Time: 00:07:47

Health: 0/42       AC:  2    Str: 10    XL:     5   Next: 2%
Magic:  4/9        EV: 10    Int: 17    God:
Gold:   80         SH:  0    Dex: 11    Spells: 9/10 levels left

rFire    . . .     SeeInvis +   (no weapon)
rCold    . . .     Gourm    .   (no shield)
rNeg     . . .     Faith    .   a - +0 robe
rPois    +         Spirit   .   (no helmet)
rElec    .         Reflect  .   (no cloak)
rCorr    .         Harm     .   (no gloves)
MR       .....                  (no barding)
Stlth    ++........             (no amulet)
HPRegen  0.14/turn              p - ring of flight
MPRegen  0.11/turn              (no ring)

@: very slow
A: large, see invisible, deformed body, poison resistance, slowness 2, slow
metabolism 1, spit poison 1, AC +1
a: Spit Poison, Evoke Flight


You were on level 3 of the Dungeon.
You were not hungry.

You visited 1 branch of the dungeon, and saw 3 of its levels.

You collected 80 gold pieces.

Inventory:

Armour
 a - a +0 robe (worn)
Jewellery
 p - a ring of flight (left hand)
Scrolls
 h - 3 scrolls of remove curse {unknown}
 i - 7 scrolls of identify {unknown}
 k - a scroll of fog {unknown}
 m - a scroll of enchant weapon {unknown}
 o - 2 scrolls of teleportation {unknown}
Potions
 e - 2 potions of curing {unknown}
 f - a potion of lignification {unknown}
 g - a potion of invisibility {unknown}
 j - a potion of ambrosia {unknown}
 l - a potion of heal wounds {unknown}
 n - a potion of mutation {unknown}
Books
 b - a book of Flames

   Spells                             Type                      Level
   a - Flame Tongue                   Conjuration/Fire             1
   b - Throw Flame                    Conjuration/Fire             2
   c - Conjure Flame                  Conjuration/Fire             3
   d - Inner Flame                    Hexes/Fire                   3
   e - Sticky Flame                   Conjuration/Fire             4
   f - Fireball                       Conjuration/Fire             5
Comestibles
 c - 4 rations
 d - 4 chunks of flesh


   Skills:
 + Level 1.7 Dodging
 + Level 3.8 Stealth
 + Level 3.3 Spellcasting
 + Level 1.6 Conjurations
 + Level 4.0 Fire Magic


You had 9 spell levels left.
You knew the following spells:

 Your Spells              Type           Power        Failure   Level  Hunger
a - Flame Tongue          Conj/Fire      ##...        5%          1    None


Dungeon Overview and Level Annotations

Branches:
Dungeon (3/15)

Altars:
Hepliaklqana
Xom


Innate Abilities, Weirdness & Mutations

You cannot wear boots.
Your serpentine skin is tough. (AC +1)
You have supernaturally acute eyesight. (SInv)
Armour fits poorly on your strangely shaped body.
Your system is resistant to poisons. (rPois)
You cover ground very slowly.
You have a slow metabolism.
You can spit poison.


Message History

Aim: an orc priest, wielding a flail (almost dead)
The flame tongue hits the orc priest.
You kill the orc priest!
Your Fire Magic skill increases to level 4!
You have reached level 5!
The orc barely misses you. The orc hits you. The orc hits you with a falchion.
* * * LOW HITPOINT WARNING * * *
The orc hits you.
* * * LOW HITPOINT WARNING * * *
The orc hits you with a club.
* * * LOW HITPOINT WARNING * * *
The orc hits you with a falchion.
* * * LOW HITPOINT WARNING * * *
The orc closely misses you.
You see here 4 stones.
You see here a stone.
The orc hits you from afar with a trident.
You die...

..........# #...........)......
...####.########.................
.. #........# #.................
...##..(.....# #.................
.............# #.................
.####...########.................
.....##.(.....##.†...(.>.........
............#.##o.g..............
##...##.....#.)<@oo..............
...##.........##..o..............
... #.#....##.##.................
#.#....##......<............. #
##########.................
#.................
#.................
#.................
#.............†...


You could see 4 orcs and a goblin.

Vanquished Creatures
  An orc priest (D:3)
  3 adders
  An ooze (D:1)
  4 dart slugs
  A leopard gecko (D:2)
  3 orcs (D:3)
  4 giant cockroaches
  4 hobgoblins
  2 quokkas
  2 ball pythons (D:2)
  7 bats
  4 frilled lizards
  7 goblins
  6 rats
49 creatures vanquished.

Notes
Turn   | Place    | Note
-------+----------+-------------------------------------------
     0 | D:1      | RudyRod the Naga Fire Elementalist began the quest for the Orb.
     0 | D:1      | Reached XP level 1. HP: 15/15 MP: 3/3
   117 | D:1      | Reached XP level 2. HP: 22/22 MP: 3/5
   561 | D:1      | Reached XP level 3. HP: 25/28 MP: 2/6
  1239 | D:2      | Reached XP level 4. HP: 36/36 MP: 3/8
  1411 | D:2      | Found a shimmering altar of Xom.
  1412 | D:2      | Found a hazy altar of Hepliaklqana.
  1412 | D:2      | Noticed a torpor snail
  1413 | D:2      | Noticed a spectral ugly thing
  1413 | D:2      | Noticed a torpor snail
  1624 | D:3      | Reached skill level 4 in Fire Magic
  1624 | D:3      | Reached XP level 5. HP: 18/42 MP: 2/9
  1633 | D:3      | Slain by an orc

Skill      XL: |  1  2  3  4 |
---------------+-------------+-----
Spellcasting   | 3 |  3.3
Fire Magic     | 4 |  4.0
Dodging        | |  1.7
Stealth        | |  3.8
Conjurations   | |  1.6

Action                   |  1- 3 |  4- 6 || total
-------------------------+-------+-------++-------
Melee: Unarmed           |     5 |       ||     5
 Cast: Flame Tongue      |    57 |    31 ||    88
 Abil: Spit Poison       |     3 |     3 ||     6
  Eat: Chunk             |     1 |     1 ||     2
Armor: Robe              |     2 |     6 ||     8
Dodge: Dodged            |    15 |    10 ||    25
